 Dungeon Crawl Stone Soup version 0.27-a0-1612-gde56a17b89 (webtiles) character file.

Game seed: 4030427718438526341

1164 pokeman the Thaumaturge (level 8, -7/44 HPs)
             Began as a Deep Elf Hedge Wizard on July 21, 2021.
             Was a Follower of Vehumet.
             Mangled by an ogre (19 damage)
             ... on level 6 of the Dungeon.
             The game lasted 00:12:49 (6078 turns).

pokeman the Thaumaturge (Deep Elf Hedge Wizard)     Turns: 6078, Time: 00:12:49

Health: -7/44      AC:  3    Str:  7    XL:     8   Next: 17%
Magic:  18/23      EV: 12    Int: 22    God:    Vehumet [*.....]
Gold:   192        SH:  0    Dex: 14    Spells: 13/25 levels left

rFire    + . .     SeeInvis .   u - staff of conjuration
rCold    . . .     Faith    .   (no shield)
rNeg     . . .     Spirit   .   n - +0 leather armour
rPois    .         Reflect  .   c - +0 hat
rElec    .         Harm     .   (no cloak)
rCorr    .         Rampage  .   (no gloves)
Will     .....                  (no boots)
Stlth    ++........             (no amulet)
HPRegen  0.14/turn              b - ring of protection from fire
MPRegen  0.18/turn              (no ring)

@: no status effects
A: no striking features
a: Renounce Religion


You were on level 6 of the Dungeon.
You worshipped Vehumet.
Vehumet was aware of your devotion.
You visited 1 branch of the dungeon, and saw 6 of its levels.

You collected 192 gold pieces.

Inventory:

Missiles
 e - 94 bolts
 g - 68 arrows
Armour
 c - a +0 hat (worn)
 n - a +0 leather armour (worn)
Magical Staves
 a - a staff of earth
 u - a staff of conjuration (weapon)
Jewellery
 b - a ring of protection from fire (left hand)
 f - a ring of ice
Scrolls
 h - a scroll of noise {unknown}
 j - 3 scrolls of identify {unknown}
 k - 4 scrolls of teleportation {unknown}
 m - a scroll of summoning {unknown}
 o - a scroll of blinking {unknown}
 p - a scroll of vulnerability {unknown}
 q - a scroll of fog {unknown}
 r - a scroll of enchant weapon {unknown}
 t - a scroll of silence {unknown}
Potions
 d - 2 potions of resistance {unknown}
 i - a potion of might {unknown}
 l - 2 potions of flight {unknown}
 s - 2 potions of attraction {unknown}


   Skills:
 - Level 2.0 Fighting
 + Level 1.7 Armour
 - Level 3.1 Dodging
 - Level 3.3 Stealth
 * Level 9.1 Spellcasting
 + Level 4.7 Conjurations
 - Level 1.1 Summonings
 - Level 1.1 Translocations
 + Level 3.0 Fire Magic
 - Level 1.3 Air Magic
 - Level 1.1 Earth Magic
 - Level 1.0 Poison Magic
 - Level 1.1 Evocations


You had 13 spell levels left.
You knew the following spells:

 Your Spells              Type           Power      Damage    Failure   Level
a - Magic Dart            Conj           100%       1d8       1%          1
b - Mephitic Cloud        Conj/Pois/Air  30%        N/A       11%         3
c - Call Imp              Summ           14%        N/A       10%         2
d - Blink                 Tloc           N/A        N/A       10%         2
e - Conjure Flame         Conj/Fire      40%        6-21      6%          3
f - Shock                 Conj/Air       100%       1d9       2%          1

Your spell library contained the following spells:

 Spells                   Type           Power      Damage    Failure   Level
 Searing Ray              Conj           92%        3d6       1%          2
 Slow                     Hex            10%        N/A       14%         2
 Iskenderun's Mystic Bla  Conj/Tloc      34%        2d8       28%         4
 Fulminant Prism          Conj/Hex       15%        3d11      34%         4
 Manifold Assault         Tloc           14%        N/A       86%         5
 Eringya's Noxious Bog    Tmut/Pois      6%         N/A       100%        6
 Storm Form               Tmut/Air       6%         N/A       100%        7
 Chain Lightning          Conj/Air       17%        3d23      100%        9


Dungeon Overview and Level Annotations

Branches:
Dungeon (6/15)             Temple (0/1) D:4

Altars:
Gozag
Kikubaaqudgha
Vehumet
Xom


Message History

There is a stone staircase leading up here.
An ogre comes into view. It is wielding a +0 giant club.
The ogre shouts!
Casting: Shock (safe; 2% risk of failure)
Confirm with . or Enter, or press ? or * to list all spells.
You feel a surge of power!
The fire begins to smoulder!
The fire ignites!
A hound comes into view.
The water moccasin skeleton is engulfed in blazing flames.
The water moccasin skeleton barely misses you.
The water moccasin skeleton is engulfed in blazing flames.
The water moccasin skeleton bites you.
The water moccasin skeleton is engulfed in blazing flames.
You destroy the water moccasin skeleton!
Vehumet accepts your kill.
Your Fire Magic skill increases to level 3!
Casting: Conjure Flame (dangerous; 6% risk of failure)
Confirm with . or Enter, or press ? or * to list all spells.
Aiming: Mephitic Cloud (dangerous; 11% risk of failure)
Press: ? - help, Shift-Dir - straight line, f - ogre
Aim: an ogre, wielding a +0 giant club (chance to affect: 77%)
You feel a surge of power!
The ball explodes into a vile cloud!
The stinking cloud engulfs the ogre but does no damage.
The hound barks!
The ogre is engulfed in noxious fumes.
Unknown command.
You barely miss the ogre.
The ogre is lightly wounded.
The ogre is engulfed in blazing flames.
The ogre hits you with a +0 giant club!!
Ouch! That really hurt!
* * * LOW HITPOINT WARNING * * *
Unknown command.
Unknown command.
You hit the ogre but do no damage.
The ogre is heavily wounded.
A bullfrog skeleton comes into view.
The ogre is engulfed in blazing flames.
The ogre hits you with a +0 giant club!!
You die...

#.# # #.# #.#.# #
#.#.### .# #
#.#.#.####..#
#.#........$...
#.....#.......#
###....@<.....#
#.......O.#......
#.#..#..○○○.###..
#.Z...<.°○○.....
............)...#
#................
#.#......##.#.###
#....... .....
#..#..## ....#


You could see an ogre and a bullfrog skeleton.

Vanquished Creatures
  Menkaure (D:4)
  A water moccasin (D:5)
  A black bear (D:5)
  2 ogres (D:5)
  A phantom (D:3)
  A bullfrog (D:4)
  A scorpion (D:4)
  A water moccasin skeleton (D:6)
  A bullfrog zombie (D:5)
  2 jellies
  A hound (D:4)
  4 orc priests
  3 orc wizards (D:5)
  3 hound skeletons
  3 adders
  An adder skeleton (D:4)
  An adder zombie (D:5)
  2 worms (D:2)
  10 orcs
  8 ball pythons
  5 endoplasms
  4 giant cockroaches
  6 goblins
  5 hobgoblins
  4 quokkas
  2 bats (D:1)
  A frilled lizard (D:2)
  10 kobolds
  3 rats
88 creatures vanquished.

Notes
Turn   | Place    | Note
-------+----------+-------------------------------------------
     0 | D:1      | pokeman the Deep Elf Hedge Wizard began the quest for the
                  | Orb.
     0 | D:1      | Reached XP level 1. HP: 10/10 MP: 7/7
   579 | D:1      | Reached XP level 2. HP: 16/16 MP: 5/9
   804 | D:1      | Found a faded altar of an unknown god.
  1335 | D:1      | Reached skill level 5 in Spellcasting
  1553 | D:2      | Reached XP level 3. HP: 20/20 MP: 5/11
  1558 | D:2      | Learned a level 3 spell: Mephitic Cloud
  1561 | D:2      | Learned a level 2 spell: Call Imp
  1564 | D:2      | Learned a level 2 spell: Blink
  1568 | D:2      | Learned a level 3 spell: Conjure Flame
  1909 | D:2      | Reached skill level 1 in Armour
  2009 | D:2      | Reached skill level 1 in Fighting
  2420 | D:3      | Reached XP level 4. HP: 25/25 MP: 7/13
  2600 | D:3      | Reached skill level 1 in Fire Magic
  3026 | D:3      | Noticed a phantom
  3034 | D:3      | Killed a phantom
  3035 | D:3      | Reached skill level 6 in Spellcasting
  3035 | D:3      | Reached XP level 5. HP: 29/29 MP: 6/15
  3229 | D:4      | Noticed Menkaure
  3295 | D:4      | Reached skill level 1 in Air Magic
  3405 | D:4      | Killed Menkaure
  3406 | D:4      | Reached skill level 7 in Spellcasting
  3406 | D:4      | Reached skill level 1 in Earth Magic
  3406 | D:4      | Reached XP level 6. HP: 9/34 MP: 0/18
  3696 | D:4      | Found a radiant altar of Vehumet.
  3699 | D:4      | Became a worshipper of Vehumet
  3786 | D:4      | Got the Tome of Harmful Transformation
  4055 | D:4      | Reached skill level 1 in Poison Magic
  4113 | D:4      | Reached skill level 1 in Evocations
  4360 | D:4      | Found a staircase to the Ecumenical Temple.
  4371 | D:4      | Reached XP level 7. HP: 14/38 MP: 11/20
  4661 | D:5      | Entered Level 5 of the Dungeon
  4758 | D:5      | Reached skill level 8 in Spellcasting
  5263 | D:5      | Reached * piety under Vehumet
  5263 | D:5      | Offered knowledge of Shock by Vehumet.
  5266 | D:5      | Learned a level 1 spell: Shock
  5555 | D:5      | Reached skill level 9 in Spellcasting
  5555 | D:5      | Reached XP level 8. HP: 38/44 MP: 16/23
  5762 | D:5      | Found a faded altar of an unknown god.
  5762 | D:5      | Found a shimmering altar of Xom.
  5770 | D:5      | Found a faded altar of an unknown god.
  5772 | D:5      | Found an ancient bone altar of Kikubaaqudgha.
  5774 | D:5      | Found an opulent altar of Gozag.
  6078 | D:6      | Mangled by an ogre

Illustrated notes

Levels and vault maps discovered:
D:1:      dpeg_arrival_rhombi, layout_basic, ebering_ecumenical_altar_petrified
D:2:      layout_loops_ring
D:3:      layout_loops_cross
D:4:      kennysheep_spiral_hall, layout_basic, kennysheep_mini,
          minmay_temple_entry_junction, uniq_menkaure
D:5:      layout_layer_cave, chequers_temple_overflow_minitemple
D:6:      layout_basic, okawaru_altar_gauntlet_db, mainiacjoe_overflow_alcove_2

Skill      XL: |  1  2  3  4  5  6  7  8 |
---------------+-------------------------+-----
Spellcasting   | 5 6 7 9 |  9.1
Armour         | 1 |  1.7
Fighting       | 1 2 |  2.0
Conjurations   | 2 3 4 |  4.7
Fire Magic     | 1 2 3 |  3.0
Dodging        | 3 |  3.1
Air Magic      | 1 |  1.3
Stealth        | 3 |  3.3
Earth Magic    | 1 |  1.1
Poison Magic   | 1 |  1.0
Evocations     | 1 |  1.1
Summonings     | |  1.1
Translocations | |  1.1

Action                   |  1- 3 |  4- 6 |  7- 9 || total
-------------------------+-------+-------+-------++-------
Melee: Spear             |     1 |     2 |       ||     3
       Staff             |       |     2 |    11 ||    13
 Cast: Magic Dart        |   101 |   100 |    24 ||   225
       Mephitic Cloud    |       |     2 |     6 ||     8
       Conjure Flame     |       |     3 |     4 ||     7
       Shock             |       |       |    29 ||    29
 Stab: Sleeping          |     1 |       |       ||     1
Armor: Robe              |     2 |       |       ||     2
       Leather armour    |       |     4 |     2 ||     6
Dodge: Dodged            |     3 |    12 |     7 ||    22

Table legend: (Time is in decaauts)
 A = Elapsed time spent in this place.
 B = Non-inter-level travel time spent in this place.
 C = Inter-level travel time spent in this place.
 D = Time resting spent in this place.
 E = Time spent auto-exploring this place.
 F = Levels seen in this place.
 G = Mean time per level.
                   A        B        C        D        E       F      G
               +--------+--------+--------+--------+--------+-----+--------+
         Total |   6078 |   5953 |    125 |    168 |   5157 |   6 | 1013.0 |
       Dungeon |   6078 |   5953 |    125 |    168 |   5157 |   6 | 1013.0 |
               +--------+--------+--------+--------+--------+-----+--------+

Top non-repeatable levels by time:
     D:5: 1409 daAuts
     D:4: 1408 daAuts
     D:1: 1403 daAuts
     D:3: 1013 daAuts
     D:2: 834 daAuts
     D:6: 9 daAuts
